 Dungeon Crawl Stone Soup version 0.19.4-9-g45fd643 (webtiles) character file.

20 oplop the Chiller (level 2, -18/18 HPs)
             Began as an Octopode Ice Elementalist on Feb 20, 2017.
             Killed from afar by Ijyb (26 damage)
             ... with a wand of lightning
             ... on level 2 of the Dungeon.
             The game lasted 00:01:22 (1021 turns).

oplop the Chiller (Octopode Ice Elementalist)       Turns: 1021, Time: 00:01:23

Health: -18/18     AC:  1    Str:  7    XL:     2   Next: 79%
Magic:  5/5        EV: 13    Int: 17    God:
Gold:   96         SH:  0    Dex: 12    Spells: 1 memorised, 4 levels left

rFire  . . .     SeeInvis .     m - +4 dagger
rCold  . . .     Gourm    .     (no shield)
rNeg   . . .     Faith    .     (helmet restricted)
rPois  .         Spirit   .     (no amulet)
rElec  .         Reflect  .     (no ring)
rCorr  .         Harm     .     (no ring)
MR     .....                    (no ring)
Stlth  +++.......               (no ring)
                                (no ring)
                                (no ring)
                                (no ring)
                                (no ring)

@: no status effects
A: almost no armour, stealthy swim, amphibious, 8 rings, constrict 8, camouflage
1, gelatinous body 1
a: no special abilities


You were on level 2 of the Dungeon.
You were not hungry.

You visited 1 branch of the dungeon, and saw 2 of its levels.

You collected 96 gold pieces.

Inventory:

Hand Weapons
 m - a +4 dagger (weapon)
Scrolls
 d - a scroll of random uselessness {unknown}
 e - 2 scrolls of noise {unknown}
 i - a scroll of teleportation {unknown}
 j - a scroll of identify {unknown}
 k - a scroll of remove curse {unknown}
Potions
 c - a potion of haste {unknown}
 g - a potion of lignification {unknown}
Books
 a - a book of Frost

   Spells                             Type                      Level
   a - Freeze                         Ice                          1
   b - Throw Frost                    Conjuration/Ice              2
   c - Ozocubu's Armour               Charms/Ice                   3
   d - Throw Icicle                   Conjuration/Ice              4
   e - Summon Ice Beast               Ice/Summoning                4
Comestibles
 b - a bread ration
 f - a meat ration
 h - a beef jerky
 l - 5 chunks of flesh


   Skills:
 + Level 0.8 Fighting
 - Level 2.0 Dodging
 - Level 2.6 Stealth
 + Level 2.2 Spellcasting
   Level 1.0 Conjurations
 * Level 3.5 Ice Magic


You had 4 spell levels left.
You knew the following spells:

 Your Spells              Type           Power        Failure   Level  Hunger
a - Freeze                Ice            ##..         4%          1    #......


Dungeon Overview and Level Annotations

Branches:
Dungeon (2/15)

Altars:

Annotations:
D:2 Ijyb


Innate Abilities, Weirdness & Mutations

You cannot wear most types of armour.
You are very stealthy in the water. (Stealth+)
You are amphibious.
You can wear up to eight rings at the same time.
You can use your tentacles to constrict eight enemies at once.
Your skin changes colour to match your surroundings (Stealth+).
Your rubbery body absorbs attacks. (AC +1, EV +1)


Message History

You see here a jackal corpse.
You butcher the jackal corpse.
l - 5 chunks of flesh (gained 1)
There isn't anything here!
You start resting.
HP restored.
Found a glowing dagger.
Ijyb the Twisted Goblin comes into view.
Found 5 fruits.
You see here a glowing dagger.
m - a glowing dagger Wield which item (- for none, * to show all)? (? for menu, Esc to quit)
m - a +4 dagger (weapon)
Ijyb shouts!
Ijyb zaps a wand.
The bolt of lightning hits you!
Ouch! That really hurt!
It is a wand of lightning.
Ijyb zaps a wand.
The bolt of lightning hits you!
Ouch! That really hurt!
You die...

>...#....###.##
.......<..##.##.........
.#......#.# ..#.........
.....##.#.# #.#.........
....###.#.. #.#........%
.##..##.##.##....g......
...<..#.##.#............
.............#..........
(.......##.[.##.@.......
.............#..........
........###....#........
###.....................
##.........#..........
##.............###### ≈
##.............# ≈≈
##............# ≈≈≈
##...........#


You could see Ijyb.

Vanquished Creatures
  2 dart slugs (D:1)
  3 bats
  A goblin (D:1)
  2 hobgoblins
  2 jackals (D:2)
  A frilled lizard (D:1)
  3 kobolds (D:1)
  A rat (D:1)
15 creatures vanquished.

Notes
Turn   | Place    | Note
-------+----------+-------------------------------------------
     0 | D:1      | oplop the Octopode Ice Elementalist began the quest for the Orb.
     0 | D:1      | Reached XP level 1. HP: 11/11 MP: 3/3
   128 | D:1      | Reached XP level 2. HP: 13/18 MP: 5/5
  1015 | D:2      | Noticed Ijyb
  1021 | D:2      | Killed from afar by Ijyb

Action                   || total
-------------------------++-------
Melee: Unarmed           ||    31
       Constrict         ||    10
       Tentacles         ||     6
 Cast: Freeze            ||     7
 Stab: Sleeping          ||     4
Armor: Skin              ||     6
Dodge: Dodged            ||    33
